 Dungeon Crawl Stone Soup version 0.27.1-33-g824d729ab1 (webtiles) character file.

Game seed: 1507307859986462622

194 zeram the Covert (level 5, 0/25 HPs)
             Began as a Spriggan Brigand on Dec 21, 2021.
             Succumbed to a kobold's poison
             ... on level 2 of the Dungeon.
             The game lasted 00:03:04 (1645 turns).

zeram the Covert (Spriggan Brigand)                 Turns: 1645, Time: 00:03:05

Health: 0/25       AC:  3    Str:  7    XL:     5   Next: 44%
Magic:  10/10      EV: 17    Int: 14    God:
Gold:   30         SH:  0    Dex: 16    Spells: 9/9 levels left

rFire    . . .     SeeInvis +   a - +2 dagger
rCold    . . .     Faith    .   (shield restricted)
rNeg     . . .     Spirit   .   b - +0 robe
rPois    .         Reflect  .   (helmet restricted)
rElec    .         Harm     .   c - +0 cloak
rCorr    .         Rampage  .   (gloves unavailable)
Will     .....                  (boots unavailable)
Stlth    ++++......             (no amulet)
HPRegen  0.08/turn              (no ring)
MPRegen  0.12/turn              (no ring)

@: lethally poisoned (0 -> -21), very quick
A: very small, no large weapons, unfitting armour, see invisible, speed 3
a: no special abilities


You were on level 2 of the Dungeon.
You visited 1 branch of the dungeon, and saw 2 of its levels.

You collected 30 gold pieces.

Inventory:

Hand Weapons
 a - a +2 dagger (weapon)
Missiles
 d - 5 poisoned darts (quivered)
 e - 2 curare-tipped darts
Armour
 b - a +0 robe (worn)
 c - a +0 cloak (worn)
Jewellery
 k - a ring of magical power
Wands
 j - a wand of acid (9)
Scrolls
 h - a scroll of identify {unknown}
 l - a scroll of fear {unknown}
Potions
 f - 2 potions of degeneration {unknown}
 g - a potion of curing {unknown}
 i - a potion of haste {unknown}


   Skills:
 - Level 1.5 Fighting
 + Level 3.6 Short Blades
 - Level 2.0 Throwing
 + Level 2.3 Dodging
 + Level 8.2 Stealth
 * Level 2.7 Spellcasting


You had 9 spell levels left.
You didn't know any spells.
Your spell library contained the following spells:

 Spells                   Type           Power      Damage    Failure   Level
 Beastly Appendage        Tmut           2%         N/A       22%         1
 Wereblood                Tmut           1%         N/A       32%         2
 Spider Form              Tmut/Pois      0%         N/A       54%         3


Dungeon Overview and Level Annotations

Branches:
Dungeon (2/15)

Altars:


Innate Abilities, Weirdness & Mutations

You are very small and have problems with some larger weapons.
You are too small for most types of armour.
You have supernaturally acute eyesight. (SInv)
You cover ground extremely quickly. (Speed+++)


Message History

The quokka is poisoned.
You hit the quokka.
The quokka is moderately wounded.
The quokka completely misses you.
You barely miss the quokka. The quokka misses you.
You miss the quokka.
The quokka is moderately wounded.
The quokka bites you.
You closely miss the quokka.
The quokka is moderately wounded.
The quokka misses you.
You hit the quokka but do no damage.
The quokka twitches its whiskers.
The quokka misses you.
You hit the quokka but do no damage. The quokka bites you.
You are too injured to fight recklessly!
You are too injured to fight recklessly!
You are too injured to fight recklessly!
You hit the quokka.
The quokka is severely wounded.
The quokka looks more healthy.
The quokka closely misses you.
You closely miss the quokka.
The quokka is almost dead.
The kobold looks more healthy.
The quokka bites you.
You hit the quokka.
You kill the quokka!
You miss the kobold.
The kobold is severely wounded.
The kobold hits you with a +2 dagger of venom.
You are lethally poisoned!
You barely miss the kobold.
The kobold is severely wounded.
* * * LOW HITPOINT WARNING * * *
You feel sick.
The kobold hits you with a +2 dagger of venom.
* * * LOW HITPOINT WARNING * * *
You are more poisoned.
You barely miss the kobold.
The kobold is severely wounded.
You die...

## ..#...# ..##...#
.###..#(##
###...#...#######.#
..................#
#.....SrK....##.#
#######K##.###
#K##.# #@##.#
#.##.. #.#########
#.........#
#..######.# ###
#..# #.# ##.##
#..######.###.#.##
#..##........###.#
##..##.###.###.#.##


You could see a quokka, a ball python and 3 kobolds.

Vanquished Creatures
  Sigmund (D:2)
  5 endoplasms
  4 giant cockroaches (D:1)
  3 hobgoblins (D:1)
  A kobold (D:1)
  3 quokkas
  2 ball pythons
  2 bats (D:1)
  2 frilled lizards (D:1)
  A rat (D:1)
24 creatures vanquished.

Notes
Turn   | Place    | Note
-------+----------+-------------------------------------------
     0 | D:1      | zeram the Spriggan Brigand began the quest for the Orb.
     0 | D:1      | Reached XP level 1. HP: 10/10 MP: 2/2
    52 | D:1      | Reached skill level 6 in Stealth
   411 | D:1      | Reached XP level 2. HP: 7/14 MP: 3/3
  1025 | D:1      | Reached skill level 1 in Spellcasting
  1036 | D:1      | Found a faded altar of an unknown god.
  1038 | D:1      | Noticed a shining eye
  1038 | D:1      | Noticed a shining eye
  1039 | D:1      | Noticed a great orb of eyes
  1039 | D:1      | Noticed an eye of devastation
  1408 | D:2      | Noticed Sigmund
  1413 | D:2      | Killed Sigmund
  1414 | D:2      | Reached skill level 8 in Stealth
  1414 | D:2      | Reached XP level 3. HP: 18/18 MP: 5/8
  1414 | D:2      | Reached XP level 4. HP: 22/22 MP: 5/9
  1414 | D:2      | Reached XP level 5. HP: 25/25 MP: 5/10
  1645 | D:2      | Succumbed to a kobold's poison

Illustrated notes

Levels and vault maps discovered:
D:1:      dpeg_arrival_long_road, layout_loops_ring,
          hellmonk_ecumenical_altar_watching_god
D:2:      layout_loops_corners, minmay_randomly_rotated_circles, uniq_sigmund

Skill      XL: |  1  2 |
---------------+-------+-----
Stealth        | 6 8 |  8.2
Spellcasting   | 2 |  2.7
Short Blades   | 3 |  3.6
Dodging        | 2 |  2.3
Fighting       | |  1.5
Throwing       | |  2.0

Action                   |  1- 3 |  4- 6 || total
-------------------------+-------+-------++-------
Melee: Dagger            |    86 |    28 ||   114
Throw: Dart              |       |     3 ||     3
  Use: Scroll            |     1 |       ||     1
 Stab: Sleeping          |     6 |       ||     6
Armor: Robe              |     8 |     6 ||    14
Dodge: Dodged            |    57 |    19 ||    76
